 Dungeon Sprint DCSS version 0.23-b1-86-gba62f8e092 (webtiles) character file.

Game seed: 16204698340534914993

137 Freyura the Scholar of Death (level 5, 0/42 HPs)
             Began as a Vampire Necromancer on Feb 8, 2019.
             Was a Follower of Kikubaaqudgha.
             Succumbed to a green ugly thing's poison
             ... in the Dungeon (Sprint V: "Ziggurat Sprint").
             The game lasted 00:05:17 (179 turns).

Freyura the Scholar of Death (Vampire Necromancer)   Turns: 179, Time: 00:05:18

Health: 0/42       AC:  4    Str: 13    XL:     5   Next: 0%
Magic:  15/18      EV: 16    Int: 25    God:    Kikubaaqudgha [*.....]
Gold:   0          SH:  0    Dex: 20    Spells: 12/13 levels left

rFire    + . .     SeeInvis +   C - +6 Majin-Bo {vamp, Archmagi MP+6 Int+6}
rCold    . . .     Gourm    .   (shield currently unavailable)
rNeg     + . .     Faith    .   l - +2 robe {rF+}
rPois    .         Spirit   .   (no helmet)
rElec    .         Reflect  .   (no cloak)
rCorr    .         Harm     .   (no gloves)
MR       .....     NoTele   +   (no boots)
Stlth    +++.......             (no amulet)
HPRegen  0.14/turn              w - +6 ring of dexterity
MPRegen  0.16/turn              A - +6 ring of strength

@: lethally poisoned (0 -> -19)
A: rotting body, fangs 3, see invisible, unbreathing
a: Bat Form, Receive Corpses, Renounce Religion


You were in the Dungeon.
You worshipped Kikubaaqudgha.
Kikubaaqudgha was aware of your devotion.
You were not thirsty.

You visited 1 branch

Inventory:

Hand Weapons
 C - the +6 Majin-Bo (weapon) {vamp, Archmagi MP+6 Int+6}
   (You found it in the Dungeon)

   It inflicts no extra harm, but heals its wielder when it wounds a living foe.
   It affects your intelligence (+6).
   It affects your magic capacity (+6).
Armour
 l - a +2 robe of fire resistance (worn)
Jewellery
 w - a +6 ring of dexterity (left hand)
 x - a +6 ring of dexterity
 y - a +6 ring of intelligence
 z - a +6 ring of intelligence
 A - a +6 ring of strength (right hand)
 B - a +6 ring of strength
Wands
 t - a wand of disintegration (7)
 u - a wand of iceblast (7)
 v - a wand of acid (7)
Scrolls
 i - 4 scrolls of blinking
 o - 4 scrolls of amnesia
 p - 7 scrolls of fog
 q - 5 scrolls of identify
 r - 5 scrolls of remove curse
 s - 2 scrolls of fear
Potions
 b - 2 potions of brilliance
 c - a potion of blood
 d - 10 potions of curing
 e - 10 potions of heal wounds
 f - 6 potions of haste
 g - 7 potions of magic
 h - 3 potions of berserk rage
 j - 2 potions of invisibility
 k - 4 potions of resistance
 m - 5 potions of agility
 n - 5 potions of might


   Skills:
 + Level 4.1 Fighting
 + Level 3.7 Staves
 + Level 5.5 Dodging
 - Level 3.0 Stealth
 + Level 4.7 Spellcasting
 + Level 6.8 Necromancy
   Level 2.4 Invocations


You had 12 spell levels left.
You knew the following spells:

 Your Spells              Type           Power        Failure   Level  Hunger
a - Pain                  Necr           ####         1%          1    None

Your spell library contained the following spells:

 Spells                   Type           Power        Failure   Level  Hunger
 Animate Skeleton         Necr           N/A          1%          1    None
 Corpse Rot               Necr           N/A          1%          2    None
 Sublimation of Blood     Necr           ######....   1%          2    None
 Vampiric Draining        Necr           ######....   1%          3    ##.....
 Animate Dead             Necr           N/A          4%          4    ####...
 Regeneration             Chrm/Necr      ####......   6%          3    ##.....
 Corona                   Hex            #......      9%          1    None
 Slow                     Hex            #.......     13%         2    None
 Inner Flame              Hex/Fire       #.......     26%         3    ##.....
 Portal Projectile        Hex/Tloc       #.....       26%         3    ##.....
 Cause Fear               Hex            #.........   63%         4    ####...
 Leda's Liquefaction      Hex/Erth       #.........   63%         4    ####...


Dungeon Overview and Level Annotations

Branches:
Dungeon (1/1)

Altars:
Ashenzari
Cheibriados
Dithmenos
Elyvilon
Fedhas
Gozag
Hepliaklqana
Kikubaaqudgha
Makhleb
Nemelex Xobeh
Okawaru
Qazlal
Ru
Sif Muna
Trog
Uskayaw
Vehumet
Wu Jian
Xom
Yredelemnul
Zin
The Shining One
Beogh
Jiyva
Lugonu

Annotations:
D 1 transporter


Innate Abilities, Weirdness & Mutations

Your body is rotting away.
You thrive on raw meat.
You have razor-sharp teeth.
You have supernaturally acute eyesight. (SInv)
You can survive without breathing.


Message History

Aim: a green ugly thing (lightly wounded, chance to defeat MR: 71%)
You feel a surge of power!
The green ugly thing writhes in agony!
The green ugly thing engulfs you.
You sock the green ugly thing!
The green ugly thing is lightly wounded.
The acid dragon spits acid at you. The splash of acid misses you.
The green ugly thing kicks you.
You are lethally poisoned!
The green ugly thing poisons you!
You thump the green ugly thing! You bite the green ugly thing.
The green ugly thing is moderately wounded.
You feel sick. The acid dragon bites you!
* * * LOW HITPOINT WARNING * * *
The acid dragon barely misses you. The green ugly thing misses you.
The green ugly thing engulfs you.
* * * LOW HITPOINT WARNING * * *
You sock the cyan ugly thing!
The cyan ugly thing is moderately wounded.
You die...
Kikubaaqudgha rasps: "You have failed me!
Welcome... oblivion!"

▓▓▓▓▓▓▓▓▓▓▓▓▓▓▓▓▓▓▓
▓.8©8.▓.8©8.▓.8©8.▓
▓.:}:.▓.)}[.▓.....▓
▓..=..▓.....▓.)...▓
▓.....▓.....▓.....▓
▓.....▓.....▓.....▓
▓.uuD.▓.....▓..©..▓
▓..@u.▓..©..▓▓▓▓▓▓▓
▓▓▓▓▓▓▓▓▓▓▓▓▓


You could see 3 ugly things and an acid dragon.

Vanquished Creatures
  A necrophage (D)
  A quasit (D)
  A shadow imp (D)
  An adder simulacrum (D)
  A giant cockroach zombie (D)
5 creatures vanquished.

Notes
Turn   | Place    | Note
-------+----------+-------------------------------------------
     0 | D        | Found the +6 Majin-Bo {vamp, Archmagi MP+6 Int+6}
     0 | D        | Found the +7 great mace "Firestarter" {inner flame, rF++}
     0 | D        | Freyura the Vampire Necromancer began the quest for the
                  | Orb.
     0 | D        | Reached XP level 1. HP: 13/13 MP: 3/3
     0 | D        | Found a deep blue altar of Sif Muna.
     0 | D        | Found a bloodstained altar of Trog.
     0 | D        | Found a sacrificial altar of Ru.
     0 | D        | Found a stormy altar of Qazlal.
     0 | D        | Found an iron altar of Okawaru.
     1 | D        | Found a sparkling altar of Nemelex Xobeh.
     1 | D        | Found a blossoming altar of Fedhas.
     3 | D        | Found a transporter.
     3 | D        | Found an ancient bone altar of Kikubaaqudgha.
     3 | D        | Found a viscous altar of Jiyva.
     3 | D        | Found a corrupted altar of Lugonu.
     3 | D        | Found a hazy altar of Hepliaklqana.
     3 | D        | Found a burning altar of Makhleb.
     3 | D        | Found an opulent altar of Gozag.
    17 | D        | Found the +9 heavy crossbow "Sniper" {velocity, Acc+∞ SInv}
    17 | D        | Found the +10 dark maul {crush}
    17 | D        | Found the +15 Maxwell's patent armour {-Cast -Tele rElec
                  | MR+ rCorr}
    17 | D        | Found the +18 shield of the Gong {rElec rN+ MR+ EV-5}
    17 | D        | Found the cursed +14 obsidian axe {chop, +Fly SInv *Curse}
    79 | D        | Found the +6 shillelagh "Devastator" {shatter}
    79 | D        | Found the +11 plutonium sword {*Contam Stlth-}
    79 | D        | Found the +8 lance "Wyrmbane" {slay drac, rPois rF+ rC+
                  | AC+3}
    79 | D        | Found the +9 sword of Zonguldrok {reap}
    79 | D        | Found the cursed +13 scythe of Curses {drain, *Curse}
    79 | D        | Found the +0 sword of Power
    79 | D        | Found the +7 mace of Variability {chain chaos}
    79 | D        | Found the +7 Singing Sword {slice, sonic wave}
    79 | D        | Found the +7 longbow "Piercer" {penet, EV-2}
    85 | D        | Became a worshipper of Kikubaaqudgha
    90 | D        | Reached skill level 5 in Necromancy
    90 | D        | Reached XP level 2. HP: 23/23 MP: 6/6
   109 | D        | Entered arena 2.
   109 | D        | Noticed a necrophage
   109 | D        | Found a transporter.
   115 | D        | Killed a necrophage
   115 | D        | Reached skill level 5 in Dodging
   115 | D        | Reached skill level 6 in Necromancy
   115 | D        | Reached XP level 3. HP: 30/30 MP: 8/8
   115 | D        | Reached XP level 4. HP: 37/37 MP: 10/10
   137 | D        | Entered arena 3.
   137 | D        | Found a transporter.
   141 | D        | Reached * piety under Kikubaaqudgha
   141 | D        | Identified Kikubaaqudgha's Catalogue of Dark Rituals
                  | (Kikubaaqudgha gifted it to you in the Dungeon)
   141 | D        | Received a gift from Kikubaaqudgha
   144 | D        | Reached XP level 5. HP: 41/42 MP: 12/12
   172 | D        | Entered arena 4.
   172 | D        | Noticed a cyan ugly thing
   172 | D        | Noticed a green ugly thing
   172 | D        | Noticed an acid dragon
   172 | D        | Noticed a cyan ugly thing
   172 | D        | Found a transporter.
   178 | D        | HP: 2/42 [green ugly thing (4)]
   179 | D        | Succumbed to a green ugly thing's poison

Skill      XL: |  1  2  3  4 |
---------------+-------------+-----
Fighting       | 2 3 4 |  4.1
Staves         | 2 3 |  3.7
Dodging        | 3 5 |  5.5
Spellcasting   | 3 4 |  4.7
Necromancy     | 5 6 |  6.8
Invocations    | 2 |  2.4
Stealth        | |  3.0

Action                   |  1- 3 |  4- 6 || total
-------------------------+-------+-------++-------
Melee: Quarterstaff      |     4 |     8 ||    12
       Bite              |       |     2 ||     2
 Cast: Pain              |       |     4 ||     4
  Use: Potion            |     1 |       ||     1
 Stab: Sleeping          |     2 |       ||     2
Armor: Robe              |     1 |     3 ||     4
Dodge: Dodged            |     2 |    10 ||    12
